 Dungeon Crawl Stone Soup version 0.30.0-11-gf55b779eaf (webtiles) character file.

Game seed: 965988527970757216

1548 hikkokomori the Sneak (level 8, -2/43 HPs)
             Began as a Vine Stalker Fighter on May 17, 2023.
             Was a Priest of Uskayaw.
             Killed by divine providence
             ... invoked by an orc priest
              (10 damage)
             ... on level 5 of the Dungeon.
             The game lasted 00:06:26 (2944 turns).

hikkokomori the Sneak (Vine Stalker Fighter)        Turns: 2944, Time: 00:06:26

Health: -2/43      AC:  7    Str: 20    XL:     8   Next: 87%
Magic:  0/11       EV:  9    Int:  8    God:    Uskayaw [***...]
Gold:   300        SH:  5    Dex: 15    Spells: 7/7 levels left

rFire   . . .        m - +12 dagger of Destiny {venom, Contam rElec rC++ rCorr}
rCold   + + .        c - +0 buckler
rNeg    . . .        b - +0 scale mail
rPois   .            v - +0 helmet
rElec   +            (no cloak)
rCorr   +            (no gloves)
SInv    .            (no boots)
Will    +....        (no amulet)
Stlth   ++           (no ring)
HPRegen 1.07/turn    (no ring)
MPRegen 0.12/turn

%: guardian spirit
@: no status effects
A: fangs 3, regeneration 1, magic shield, antimagic bite, no potion heal 2
a: Renounce Religion, Stomp, Line Pass


You were on level 5 of the Dungeon.
You worshipped Uskayaw.
Uskayaw was noncommittal.
You visited 1 branch of the dungeon, and saw 5 of its levels.

You collected 300 gold pieces.

Inventory:

Hand Weapons
 a - a +0 flail
 m - the +12 dagger of Destiny (weapon) {venom, Contam rElec rC++ rCorr}
   (You found it on level 2 of the Dungeon)

   rC:        It greatly protects you from cold.
   rElec:     It insulates you from electricity.
   Contam:    It causes magical contamination when unequipped.
   rCorr:     It protects you from acid and corrosion.
Missiles
 k - a throwing net (quivered)
Armour
 b - a +0 scale mail (worn)
 c - a +0 buckler (worn)
 s - an orb of light
 v - a +0 helmet (worn)
 A - a +0 pair of gloves
Jewellery
 q - a ring of ice
 r - an amulet of faith
 B - a ring of see invisible
Wands
 t - a wand of quicksilver (12)
Scrolls
 f - a scroll of fear {unknown}
 g - 6 scrolls of identify
 h - 3 scrolls of teleportation {unknown}
 i - a scroll of brand weapon {unknown}
 j - a scroll of amnesia {unknown}
 n - a scroll of magic mapping {unknown}
 p - a scroll of noise {unknown}
 x - a scroll of vulnerability {unknown}
 y - 2 scrolls of immolation {unknown}
 z - a scroll of poison {unknown}
Potions
 d - 5 potions of might
 e - 3 potions of heal wounds {unknown}
 l - 5 potions of curing
 o - a potion of degeneration {unknown}
 u - a potion of berserk rage {unknown}
 w - a potion of resistance


   Skills:
 + Level 5.3 Fighting
 + Level 4.0 Short Blades
 - Level 2.2 Maces & Flails
 - Level 2.8 Armour
 + Level 5.9 Stealth
 + Level 5.3 Shields
 + Level 3.7 Invocations


You had 7 spell levels left.
You didn't know any spells.
Your spell library contained the following spells:

 Spells                   Type           Power      Damage    Failure   Level
 Scorch                   Fire           0%         2d5       93%         2
 Gell's Gravitas          Tloc           0%         N/A       99%         3
 Teleport Other           Tloc           0%         N/A       99%         3
 Flame Wave               Conj/Fire      0%         2d4       100%        4
 Dispersal                Tloc           0%         N/A       100%        6
 Summon Cactus Giant      Summ           0%         N/A       100%        6


Dungeon Overview and Level Annotations

Branches:
Dungeon (5/15)
 Temple: D:4-7

Altars:
Ashenzari
Dithmenos
Gozag
Qazlal
Uskayaw
Wu Jian
Xom

Shops:
D:5 *


Innate Abilities, Weirdness & Mutations

You have razor-sharp teeth.
Your natural rate of healing is unusually fast.
When hurt, damage is shared between your health and your magic reserves.
Your bite disrupts and absorbs the magic of your enemies.
Potions cannot restore your health.


Message History

The orc appears confused.
The orc hits you with a +0 falchion of protection.
The orc priest invokes the aid of Beogh against you.
Beogh smites you!
Unknown command.
You puncture the orc!
You kill the orc!
The orc hits you with a +3 morningstar!
* * * LOW HITPOINT WARNING * * *
The orc priest miscasts a cantrip.
You hit the orc but do no damage.
The orc is poisoned.
You bite the orc.
You kill the orc!
You block the orc's attack.
You hit the orc but do no damage.
The orc is poisoned.
You bite the orc. You drain its power.
You feel invigorated.
The orc is heavily wounded.
You puncture the orc!
You kill the orc!
Uskayaw will force your foes to share their pain.
There is an open translucent gate here.
Items here: )))) [[[ ††.
The orc priest hits you with a +0 short sword.
There is an open translucent gate here.
Items here: )))) [[[ ††.
You hit the orc priest but do no damage.
The orc priest is poisoned.
Your bite misses the orc priest.
The orc priest mumbles some strange prayers to Beogh against you.
Pain shoots through your body!
* * * LOW HITPOINT WARNING * * *
You completely miss the orc priest. Your bite misses the orc priest.
The orc priest is lightly wounded.
The orc priest hits you with a +0 short sword.
* * * LOW HITPOINT WARNING * * *
Unknown command.
You hit the orc priest.
The orc priest looks as sick as possible!
The orc priest is heavily wounded.
The orc priest invokes the aid of Beogh against you.
Beogh smites you!
You die...

#.......###......
#################......
..)[_[....8#..#....... #
.......)....##.........
#.#8#..8..#8#.##.........
#.###.....###.##.........
#....#####..!.#..#..)....
#........o....#....<....#
#######')@######.........#
#8.......).....8....#.#.##
#...............#..####..#
########..........## ##..
#########.## #.. ### ##.#
##... ##.... ##.....


You could see an orc priest (extremely poisoned).

Vanquished Creatures
  The ghost of Jackthecabe the Trooper, a novice DjFE of Makhleb (D:5)
  A water moccasin (D:5)
  2 ogres (D:5)
  A scorpion (D:4)
  3 wights (D:5)
  2 howler monkeys (D:5)
  2 hounds (D:5)
  A jelly (D:5)
  2 orc priests (D:5)
  An iguana (D:5)
  Natasha (thrice) (D:3)
  An orc wizard (D:4)
  Robin (D:3)
  5 adders
  An ufetubus (D:5)
  A worm (D:2)
  21 orcs
  3 bats
  4 endoplasms
  2 giant cockroaches
  17 goblins
  6 hobgoblins
  4 jackals (D:1)
  9 quokkas
  6 ball pythons
  6 frilled lizards
  5 kobolds
  6 rats
  2 butterflies (D:1)
119 creatures vanquished.

Notes
Turn   | Place    | Note
-------+----------+-------------------------------------------
     0 | D:1      | hikkokomori the Vine Stalker Fighter began the quest for
                  | the Orb.
     0 | D:1      | Reached XP level 1. HP: 11/11 MP: 2/2
   381 | D:1      | Reached XP level 2. HP: 16/16 MP: 3/3
   872 | D:2      | Reached XP level 3. HP: 12/20 MP: 4/4
   910 | D:2      | Identified the +12 dagger of Destiny {venom, Contam rElec
                  | rC++ rCorr}
  1056 | D:2      | Gained mutation: Your natural rate of healing is unusually
                  | fast. [Vine Stalker growth]
  1056 | D:2      | Reached XP level 4. HP: 24/24 MP: 5/5
  1112 | D:2      | Found a shimmering altar of Xom.
  1191 | D:2      | Found a faded altar of an unknown god.
  1332 | D:3      | Reached skill level 1 in Stealth
  1410 | D:3      | Noticed Natasha
  1414 | D:3      | Killed Natasha
  1445 | D:3      | Noticed Natasha
  1457 | D:3      | Killed Natasha
  1458 | D:3      | Reached skill level 1 in Short Blades
  1458 | D:3      | Reached XP level 5. HP: 28/28 MP: 6/6
  1520 | D:3      | Noticed Robin
  1525 | D:3      | Killed Robin
  1669 | D:3      | Noticed Natasha
  1673 | D:3      | Killed Natasha
  1768 | D:4      | Noticed a +0 spear
  1768 | D:4      | Noticed a +0 dagger
  1768 | D:4      | Noticed a +0 spear
  1768 | D:4      | Noticed a +0 falchion
  1768 | D:4      | Noticed a +0 short sword
  1768 | D:4      | Noticed a +0 falchion
  1768 | D:4      | Noticed a +0 dagger
  1768 | D:4      | Noticed a +0 short sword
  1773 | D:4      | Found a hide-covered altar of Uskayaw.
  1795 | D:4      | Became a worshipper of Uskayaw the Reveller
  1910 | D:4      | Reached * piety under Uskayaw
  1915 | D:4      | Reached XP level 6. HP: 33/33 MP: 2/7
  1917 | D:4      | Reached ** piety under Uskayaw
  2077 | D:4      | Found a faded altar of an unknown god.
  2077 | D:4      | Found a faded altar of an unknown god.
  2085 | D:4      | Found a broken altar of Ashenzari.
  2087 | D:4      | Found a stormy altar of Qazlal.
  2089 | D:4      | Found an opulent altar of Gozag.
  2162 | D:4      | Reached *** piety under Uskayaw
  2349 | D:5      | Entered Level 5 of the Dungeon
  2358 | D:5      | Reached skill level 1 in Invocations
  2413 | D:5      | Reached XP level 7. HP: 37/37 MP: 8/8
  2427 | D:5      | Found an ornate altar of the Wu Jian Council.
  2455 | D:5      | Found Ede Wacs's Overcharged Wands.
  2566 | D:5      | Found a shadowy altar of Dithmenos.
  2687 | D:5      | Reached **** piety under Uskayaw
  2691 | D:5      | Reached ***** piety under Uskayaw
  2719 | D:5      | Gained mutation: You have razor-sharp teeth. [Vine Stalker
                  | growth]
  2719 | D:5      | Reached XP level 8. HP: 28/42 MP: 6/10
  2869 | D:5      | Found a runed translucent gate.
  2870 | D:5      | Found a runed translucent gate.
  2871 | D:5      | Found a runed translucent gate.
  2875 | D:5      | Noticed Jackthecabe's ghost (novice DjFE)
  2927 | D:5      | Reached skill level 5 in Stealth
  2933 | D:5      | Killed Jackthecabe's ghost
  2934 | D:5      | Reached skill level 5 in Fighting
  2934 | D:5      | Reached skill level 5 in Shields
  2944 | D:5      | Killed from afar by an orc priest

Illustrated notes

Levels and vault maps discovered:
D:1:      spicycebolla_arrival_clurvy, layout_basic
D:2:      layout_rooms, serial_glass, glass_columns_a, glass_columns_c,
          feat_on_display, hellmonk_ecumenical_altar_leap_of_faith, basic_altar
D:3:      layout_rooms, uniq_natasha, uniq_robin
D:4:      layout_rooms, chequers_temple_overflow_minitemple,
          nicolae_uskayaw_en_pointe
D:5:      layout_cave_pools, nicolae_wu_jian_immortal_techniques,
          marbit_many_paths, biasface_ghost_orc_armoury,
          nicolae_shop_overcharged_wands

Skill      XL: |  1  2  3  4  5  6  7  8 |
---------------+-------------------------+-----
Maces & Flails | 2 |  2.2
Fighting       | 3 4 5 |  5.3
Shields        | 3 4 5 |  5.3
Stealth        | 1 2 3 4 5 |  5.9
Short Blades   | 1 2 3 4 |  4.0
Invocations    | 1 2 3 |  3.7
Armour         | |  2.8

Action                     |  1- 3 |  4- 6 |  7- 9 || total
---------------------------+-------+-------+-------++-------
  Melee: Flail             |    56 |       |       ||    56
         Bite              |     9 |    19 |    17 ||    45
         Dagger            |    12 |   100 |    69 ||   181
 Invoke: Stomp             |       |     1 |       ||     1
         Line Pass         |       |       |     1 ||     1
    Use: Scroll            |       |     1 |       ||     1
   Stab: Paralysed         |       |       |     3 ||     3
 Armour: Scale mail        |    24 |    30 |    12 ||    66
  Dodge: Dodged            |    30 |    22 |    20 ||    72
  Block: Buckler           |    12 |    16 |     9 ||    37
